 Dungeon Crawl Stone Soup version 0.31-a0-662-g684573625c (webtiles) character file.

Game seed: 16949709801213526262

39 Descartes the Ruffian (level 3, 0/18 HPs)
             Began as a Vine Stalker Shapeshifter on Sept 1, 2023.
             Slain by a scorpion (1 damage)
             ... on level 3 of the Dungeon.
             The game lasted 00:02:20 (1675 turns).

Descartes the Ruffian (Vine Stalker Shapeshifter)   Turns: 1675, Time: 00:02:20

Health: 0/18       AC:  2    Str: 18    XL:     3   Next: 45%
Magic:  0/4        EV: 12    Int: 10    God:
Gold:   137        SH:  0    Dex: 13    Spells: 3/3 levels left

rFire   . .          .
                       - Unarmed
rCold   . . .        (no shield)
rNeg    . . .        a - +0 animal skin
rPois   .            (helmet currently unavailable)
rElec   .            (cloak currently unavailable)
rCorr   .            (gloves currently unavailable)
SInv    .            (boots currently unavailable)
Will    .....        (no amulet)
Stlth   +            (no ring)
HPRegen 1.03/turn    (no ring)
MPRegen 0.09/turn

%: guardian spirit
@: lethally poisoned (0 -> 0), beast-form
A: beast (slay +1), fangs 2, regeneration 1, magic shield, antimagic bite, no
potion heal 2
a: Begin Untransformation


You were on level 3 of the Dungeon.
You were a hulking beast.
You visited 1 branch of the dungeon, and saw 3 of its levels.

You collected 137 gold pieces.

Inventory:

Missiles
 o - 3 javelins
Armour
 a - a +0 animal skin (worn)
Talismans
 c - a beast talisman (active)
 d - a flux talisman
 f - a maw talisman
 m - a granite talisman
Scrolls
 e - a scroll of fog {unknown}
 g - 4 scrolls of identify {unknown}
 h - 2 scrolls of amnesia {unknown}
 i - a scroll of teleportation {unknown}
 k - a scroll of blinking {unknown}
 l - a scroll of enchant weapon {unknown}
 n - a scroll of noise {unknown}
Potions
 b - a potion of lignification
 j - a potion of resistance {unknown}
 p - a potion of mutation {unknown}


   Skills:
 + Level 1.3 Fighting
 + Level 2.0 Dodging
 + Level 0.6 Shields
 + Level 3.2 Unarmed Combat
 + Level 0.6 Spellcasting
 + Level 0.7 Evocations
 + Level 3.1 Shapeshifting


You had 3 spell levels left.
You didn't know any spells.
Your spell library contained the following spells:

 Spells                   Type           Power      Damage    Failure   Level
 Freeze                   Ice            0%         1d3       36%         1
 Sting                    Tmut/Pois      0%         1d3       36%         1
 Poisonous Vapours        Pois/Air       0%         N/A       50%         2
 Frozen Ramparts          Ice            0%         1d1       73%         3
 Hailstorm                Conj/Ice       0%         3d3       73%         3
 Olgreb's Toxic Radiance  Pois           0%         N/A       98%         4


Dungeon Overview and Level Annotations

Branches:
Dungeon (3/15)

Altars:


Innate Abilities, Weirdness & Mutations

You are a hulking beast.
Your limbs bulge with bestial killing power. (Slay +1)
You have extremely sharp teeth.
Your natural rate of healing is unusually fast.
When hurt, damage is shared between your health and your magic reserves.
Your bite disrupts and absorbs the magic of your enemies.
Potions cannot restore your health.


Message History

The scorpion is moderately wounded.
The scorpion stings you!
You hit the scorpion but do no damage.
The scorpion is moderately wounded.
The scorpion barely misses you.
You barely miss the scorpion.
The scorpion is moderately wounded.
The scorpion stings you.
You are poisoned.
The scorpion poisons you!
You hit the scorpion. Your bite misses the scorpion.
The scorpion is moderately wounded.
You feel very sick. The scorpion stings you. x2
* * * LOW HITPOINT WARNING * * *
You are too injured to fight recklessly!
You are too injured to fight recklessly!
You are too injured to fight recklessly!
You are too injured to fight recklessly!
You are too injured to fight recklessly!
You are too injured to fight recklessly!
You are too injured to fight recklessly!
A scorpion is nearby!
Unknown command.
You closely miss the scorpion.
The scorpion is moderately wounded.
* * * LOW HITPOINT WARNING * * *
You feel sick. The scorpion completely misses you.
Unknown command.
You hit the scorpion but do no damage. You bite the scorpion.
You drain its power.
You feel invigorated.
The scorpion is heavily wounded.
* * * LOW HITPOINT WARNING * * *
You feel sick. The scorpion completely misses you.
Unknown command.
You closely miss the scorpion.
The scorpion is heavily wounded.
* * * LOW HITPOINT WARNING * * *
You feel sick. The scorpion stings you.
You die...

#......# #.#.####..
#......###.#......#
#.................#
####..............#
#.........#..#.#
#.........# .#
#.........##$#.#
#..............#
#.......h.......
#########s......
....... .#.....
.#.##.# .# # . .#
##


You could see a scorpion.

Vanquished Creatures
  An adder (D:2)
  2 ball pythons
  6 endoplasms
  2 giant cockroaches (D:2)
  A goblin (D:2)
  3 kobolds
  3 quokkas
  3 bats
  3 frilled lizards
  3 rats
27 creatures vanquished.

Notes
Turn   | Place    | Note
-------+----------+-------------------------------------------
     0 | D:1      | Descartes the Vine Stalker Shapeshifter began the quest for
                  | the Orb.
     0 | D:1      | Reached XP level 1. HP: 9/9 MP: 2/2
   181 | D:1      | Reached skill level 1 in Fighting
   295 | D:1      | Reached XP level 2. HP: 14/14 MP: 3/3
   990 | D:2      | Reached XP level 3. HP: 12/18 MP: 2/4
  1665 | D:3      | Noticed a scorpion
  1675 | D:3      | Slain by a scorpion

Illustrated notes

Levels and vault maps discovered:
D:1:      minmay_arrival_statue_studded, layout_loops_ring
D:2:      layout_loops_corners
D:3:      layout_basic, nicolae_overflow_quartered_altars

Skill      XL: |  1  2  3 |
---------------+----------+-----
Fighting       | 1 |  1.3
Dodging        | 2 |  2.0
Shields        | |  0.6
Unarmed Combat | |  3.2
Spellcasting   | |  0.6
Evocations     | |  0.7
Shapeshifting  | |  3.1

Action                     || total
---------------------------++-------
  Melee: Unarmed           ||    70
         Bite              ||    18
   Stab: Sleeping          ||     3
 Armour: Animal skin       ||    35
  Dodge: Dodged            ||    33

Table legend: (Time is in decaauts)
 A = Elapsed time spent in this place.
 B = Non-inter-level travel time spent in this place.
 C = Inter-level travel time spent in this place.
 D = Time resting spent in this place.
 E = Time spent auto-exploring this place.
 F = Levels seen in this place.
 G = Mean time per level.
                   A        B        C        D        E       F      G
               +--------+--------+--------+--------+--------+-----+--------+
         Total |   1671 |   1618 |     53 |      0 |   1415 |   3 |  557.0 |
       Dungeon |   1671 |   1618 |     53 |      0 |   1415 |   3 |  557.0 |
               +--------+--------+--------+--------+--------+-----+--------+

Top non-repeatable levels by time:
     D:2: 948 daAuts
     D:1: 678 daAuts
     D:3: 44 daAuts
